 Dungeon Crawl Stone Soup version 0.16.1-16-gc44b35d (webtiles) character file.

7 hulla the Insei (level 2, -3/18 HPs)
             Began as an Octopode Transmuter on Apr 15, 2015.
             Slain by a gnoll (6 damage)
             ... on level 1 of the Dungeon.
             The game lasted 00:00:50 (183 turns).

hulla the Insei (Octopode Transmuter)                Turns: 183, Time: 00:00:50

Health: -3/18      AC:  1    Str:  9    XL:     2   Next: 0%
Magic:  3/4        EV: 12    Int: 15    God:
Gold:   15         SH:  0    Dex: 12    Spells: 1 memorised, 4 levels left

rFire  . . .     SeeInvis .       - Unarmed
rCold  . . .     Clarity  .     (no shield)
rNeg   . . .     SustAb   .     (helmet restricted)
rPois  .         Gourm    .     (no amulet)
rElec  .         Spirit   .     (no ring)
rCorr  .         Warding  .     (no ring)
rMut   .         Stasis   .     (no ring)
MR     .....                    (no ring)
Stlth  ++........               (no ring)
                                (no ring)
                                (no ring)
                                (no ring)

@: appendage (expiring), not resistant to hostile enchantments, unstealthy
A: almost no armour, amphibious, 8 rings, constrict 8, tentacle spike 3,
camouflage 1, gelatinous body 1
a: End Transformation


You were on level 1 of the Dungeon.
You were not hungry.
One of your tentacles had a temporary spike.
You visited 1 branch of the dungeon, and saw 1 of its levels.

You collected 15 gold pieces.

Inventory:

Missiles
 b - 12 arrows
 e - 27 stones (quivered)
Scrolls
 g - a scroll of remove curse {unknown}
Potions
 c - a potion of lignification {unknown}
Books
 d - a book of Changes

   Spells                             Type                      Level
   a - Beastly Appendage              Transmutation                1
   b - Sticks to Snakes               Transmutation                2
   c - Spider Form                    Transmutation/Poison         3
   d - Ice Form                       Ice/Transmutation            4
   e - Blade Hands                    Transmutation                5
Comestibles
 a - a bread ration
 f - 3 chunks of flesh


   Skills:
 - Level 1.0 Fighting
 - Level 2.0 Dodging
 - Level 3.0 Unarmed Combat
 - Level 2.0 Spellcasting
 + Level 2.6 Transmutations


You had 4 spell levels left.
You knew the following spells:

 Your Spells              Type           Power        Failure   Level  Hunger
a - Beastly Appendage     Trmt           #.....       10%         1    #......


Dungeon Overview and Level Annotations

Branches:
Dungeon (1/15)

Altars:


Innate Abilities, Weirdness & Mutations

You cannot wear most types of armour.
You are amphibious.
You can wear up to eight rings at the same time.
You can use your tentacles to constrict many enemies at once.
Your skin changes colour to match your surroundings (Stealth).
Your rubbery body absorbs attacks (AC +1).
One of your tentacles bears a large vicious spike.


Message History

One of your tentacles grows a vicious spike.
The gnoll hits you!
You closely miss the gnoll. Your grab misses the gnoll.
You squeeze the gnoll, but do no damage.
Your transformation is almost over.
The gnoll hits you.
* * * LOW HITPOINT WARNING * * *
You are too injured to fight recklessly!
You are too injured to fight recklessly!
You are too injured to fight recklessly!
You closely miss the gnoll. Your grab misses the gnoll.
Your tentacle spike misses the gnoll.
The gnoll barely misses you.
You tentacle-slap the gnoll. Your grab misses the gnoll.
You pierce the gnoll, but do no damage.
Your squeeze misses the gnoll.
The gnoll is heavily wounded.
The gnoll closely misses you.
You completely miss the gnoll. You grab the gnoll.
The gnoll is heavily wounded.
You constrict the gnoll. The gnoll hits you.
You die...

#..........##.#.# #.# #
#########..##.#.#### #.# #
########..##.#....####.#####
............................
.#######..##.#.............)
.........>.................
#######..##.#.##.##.#.#####
#..#....##.##.#.# #
#...@g.....##.#.# #
#................ .
#....##.##.##.#.# # #....#
......... ##...# #.# .>...
##...## ..... ...#


You could see a gnoll.

Vanquished Creatures
  A giant gecko (D:1)
  A giant cockroach (D:1)
  2 goblins (D:1)
  2 rats (D:1)
6 creatures vanquished.

Notes
Turn   | Place    | Note
--------------------------------------------------------------
     0 | D:1      | hulla, the Octopode Transmuter, began the quest for the Orb.
     0 | D:1      | Reached XP level 1. HP: 13/13 MP: 3/3
   168 | D:1      | Reached XP level 2. HP: 16/18 MP: 4/4
   183 | D:1      | Slain by a gnoll

Action                   || total
-------------------------++-------
Melee: Unarmed           ||    18
 Cast: Beastly Appendage ||     4
 Stab: Sleeping          ||     3
